 Dungeon Crawl Stone Soup version 0.32-a0-391-gce5c0aab1b (webtiles) character file.

Game seed: 11547174384938828371

243 Zeldest the Trooper (level 5, -10/47 HPs)
             Began as a Mountain Dwarf Fighter on Feb 20, 2024.
             Killed from afar by Dowan (17 damage)
             ... with a shard of ice
             ... on level 4 of the Dungeon.
             The game lasted 00:02:15 (1766 turns).

Zeldest the Trooper (Mountain Dwarf Fighter)        Turns: 1766, Time: 00:02:16

Health: -10/47     AC:  8    Str: 20    XL:     5   Next: 82%
Magic:  0/5        EV: 10    Int:  9    God:
Gold:   126        SH:  0    Dex:  9    Spells: 4/4 levels left

rFire   . .          .
                       - Unarmed
rCold   . . .        k - orb {light}
rNeg    . . .        a - +0 scale mail
rPois   .            (no helmet)
rElec   .            m - +0 cloak
rCorr   .            (no gloves)
SInv    .            (no boots)
Will    .....        l - amulet of guardian spirit Stlth
                     (no ring)
HPRegen 0.27/turn    (no ring)
MPRegen 0.09/turn

%: guardian spirit
@: mighty, glowing
A: runic magic, artefact enchanting
a: no special abilities


You were on level 4 of the Dungeon.
You visited 1 branch of the dungeon, and saw 4 of its levels.

You collected 126 gold pieces.

Inventory:

Armour
 a - a +0 scale mail (worn)
 b - a +0 buckler
 k - an orb of light (worn)
 m - a +0 cloak (worn)
Jewellery
 g - an amulet of faith
 l - an amulet of guardian spirit (around neck)
 u - a ring of magical power
Scrolls
 d - a scroll of blinking {unknown}
 f - a scroll of noise {unknown}
 h - a scroll of identify {unknown}
 i - a scroll of brand weapon {unknown}
 n - 3 scrolls of teleportation {unknown}
 p - 2 scrolls of silence {unknown}
 q - a scroll of poison {unknown}
 r - a scroll of fear {unknown}
 s - a scroll of butterflies {unknown}
 t - a scroll of revelation {unknown}
Potions
 c - 2 potions of might
 j - 3 potions of enlightenment {unknown}
 o - a potion of lignification {unknown}


   Skills:
 + Level 4.7 Fighting
 - Level 3.2 Armour
 + Level 1.5 Dodging
 - Level 3.2 Shields
 + Level 3.7 Unarmed Combat
 + Level 2.0 Shapeshifting


You had 4 spell levels left.
You didn't know any spells.
Your spell library was empty.

Dungeon Overview and Level Annotations

Branches:
Dungeon (4/15) Zot: 22240
 Temple: D:4-7

Altars:

Shops:
D:1 ?

Annotations:
D:4 Dowan


Innate Abilities, Weirdness & Mutations

Your spellcasting is much less encumbered by armour.
You can use scrolls of enchantment on lesser artefacts.


Message History

You barely miss Dowan.
Dowan is moderately wounded.
Dowan hits you but does no damage.
You barely miss Dowan.
Dowan is moderately wounded.
Dowan breathes, "And she was my only..."
Dowan hits you with a +0 dagger. Dowan hits you but does no damage.
You punch Dowan!
Dowan is severely wounded.
Dowan closely misses you.
You hit Dowan.
Dowan is almost dead.
Dowan casts a spell.
Dowan blinks!
You punch the orc!
You kill the orc!
Dowan shakes with grief.
You barely miss the orc.
Dowan casts a spell.
Dowan blinks!
The orc closely misses you.
You pummel the orc!!
You kill the orc!
Dowan mumbles some strange words.
Dowan blinks!
Items here: )))) [[[ †.
Found a stone staircase leading down.
Dowan hits you but does no damage. Dowan hits you with a +0 dagger.
You closely miss Dowan.
Dowan is almost dead.
Dowan gestures wildly while chanting.
Dowan blinks!
Dowan points at you and mumbles some strange words.
The stone arrow hits you!
* * * LOW HITPOINT WARNING * * *
Dowan casts a spell.
Dowan blinks!
There is an escape hatch in the ceiling here.
Dowan points at you and mumbles some strange words.
The shard of ice hits you!!
You die...

#....# #....#
##....# #.....#
#.....########
#...e<...)...#
#........###...)..
#.........########
#...#.#.#.#@..#
..........###...#
####..#.... #.....
##...#$.. ...>.
###...... ....
###. ... .. .


You could see Dowan (fast).

Vanquished Creatures
  Duvessa (D:4)
  2 adders (D:3)
  3 dart slugs
  A ribbon worm (D:2)
  6 orcs
  5 bats
  5 endoplasms
  A giant cockroach (D:1)
  11 goblins
  4 hobgoblins
  A jackal (D:4)
  4 quokkas
  8 ball pythons
  4 frilled lizards
  5 kobolds
  6 rats
67 creatures vanquished.

Notes
Turn   | Place    | Note
-------+----------+-------------------------------------------
     0 | D:1      | Zeldest the Mountain Dwarf Fighter began the quest for the
                  | Orb.
     0 | D:1      | Reached XP level 1. HP: 19/19 MP: 1/1
    21 | D:1      | Found Amutim's Magic Scroll Emporium.
    81 | D:1      | Reached XP level 2. HP: 24/26 MP: 2/2
   416 | D:2      | Found a faded altar of an unknown god.
   450 | D:2      | Reached XP level 3. HP: 33/33 MP: 3/3
   601 | D:2      | Reached skill level 1 in Shapeshifting
   619 | D:2      | Reached skill level 4 in Fighting
   967 | D:2      | Reached XP level 4. HP: 40/40 MP: 4/4
  1585 | D:3      | Reached skill level 1 in Dodging
  1727 | D:4      | Noticed Duvessa
  1729 | D:4      | Noticed Dowan
  1735 | D:4      | Reached XP level 5. HP: 41/47 MP: 3/5
  1749 | D:4      | Killed Duvessa
  1766 | D:4      | Killed from afar by Dowan

Illustrated notes

Levels and vault maps discovered:
D:1:      tarquinn_simple_flora_water_d, layout_rooms, serial_shops,
          nicolae_shop_crystal, hangedman_feature_mirror
D:2:      layout_rooms, shapermc_ecumenical_altar_mp_highgroup
D:3:      layout_basic, minmay_pentangle
D:4:      layout_rooms, mainiacjoe_overflow_cross_hatched,
          minmay_tree_intersection, uniq_duvessa

Skill      XL: |  1  2  3  4  5 |
---------------+----------------+-----
Shapeshifting  | 1 2 |  2.0
Fighting       | 4 |  4.7
Unarmed Combat | 3 |  3.7
Dodging        | 1 |  1.5
Armour         | |  3.2
Shields        | |  3.2

Action                     |  1- 3 |  4- 6 || total
---------------------------+-------+-------++-------
  Melee: Unarmed           |   116 |    96 ||   212
    Use: Potion            |       |     2 ||     2
 Armour: Scale mail        |    76 |    66 ||   142
  Dodge: Dodged            |    50 |    42 ||    92
  Block: Buckler           |    11 |       ||    11

Table legend: (Time is in decaauts)
 A = Elapsed time spent in this place.
 B = Non-inter-level travel time spent in this place.
 C = Inter-level travel time spent in this place.
 D = Time resting spent in this place.
 E = Time spent auto-exploring this place.
 F = Levels seen in this place.
 G = Mean time per level.
                   A        B        C        D        E       F      G
               +--------+--------+--------+--------+--------+-----+--------+
         Total |   1758 |   1676 |     82 |    166 |   1078 |   4 |  439.5 |
       Dungeon |   1758 |   1676 |     82 |    166 |   1078 |   4 |  439.5 |
               +--------+--------+--------+--------+--------+-----+--------+

Top non-repeatable levels by time:
     D:2: 669 daAuts
     D:3: 631 daAuts
     D:1: 415 daAuts
     D:4: 42 daAuts
